Map: Oxide LE

Players

Fallen

  • Race: Protoss Protoss
  • League: Platinum
  • Spawn Location: 1:00

TopFivHotKys - Winner!

  • Race: Terran Terran
  • League: Diamond
  • Spawn Location: 7:00

VOD

Have the link to the VOD?

Description

Time

  • Played on: March 29, 2021, 6:32 p.m.
  • Length: 22:29
Show
View Real Time Build Order
Export as new Build Order

Fallen Protoss 

Build Orders:  

Get SALT Encoding   

  12  0:02  Probe  
  13  0:14  Probe  
  14  0:21  Pylon  
  14  0:26  Probe  
  15  0:39  Probe (Chrono Boost)  
  16  0:46  Gateway  
  16  0:51  Probe (Chrono Boost)  
  16  0:55  Assimilator  
  17  0:59  Probe (Chrono Boost)  
  18  1:05  Probe  
  19  1:17  Probe  
  20  1:29  Probe  
  21  1:33  Cybernetics Core  
  21  1:39  Pylon  
  21  1:42  Probe  
  22  1:50  Assimilator  
  22  1:54  Probe  
  23  2:01  Gateway  
  23  2:06  Probe  
  24  2:17  Warp Gate  
  24  2:18  Probe  
  25  2:30  Probe  
  25  2:32  Nexus  
  26  2:40  Pylon  
  26  2:42  Probe  
  27  2:52  Stalker  
  27  2:54  Probe (Chrono Boost)  
  30  2:59  Stalker  
  32  3:06  Probe (Chrono Boost)  
  32  3:11  Pylon  
  33  3:14  Probe (Chrono Boost)  
  34  3:20  Probe  
  35  3:28  Twilight Council  
  35  3:33  Probe  
  36  3:36  Pylon  
  36  3:45  Probe x2 (Chrono Boost)  
  38  3:55  Probe x2 (Chrono Boost)  
  40  4:00  Probe x2 (Chrono Boost)  
  42  4:03  Forge  
  42  4:06  Gateway  
  42  4:09  Gateway  
  42  4:11  Probe  
  42  4:12  Probe  
  44  4:20  Pylon  
  44  4:23  Assimilator, Probe  
  45  4:25  Assimilator  
  45  4:27  Probe  
  46  4:35  Probe, Stalker  
  49  4:39  Probe  
  49  4:44  Pylon  
  50  4:46  Photon Cannon  
  50  4:47  Probe  
  50  4:51  Probe  
  52  4:54  Protoss Ground Weapons Level 1 (Chrono Boost)  
  52  4:59  Robotics Facility, Probe  
  53  5:01  Robotics Facility, Stalker  
  55  5:08  Probe  
  55  5:12  Probe  
  57  5:20  Probe  
  58  5:24  Probe  
  58  5:27  Photon Cannon  
  59  5:34  Dark Shrine  
  59  5:36  Stargate  
  59  5:39  Stargate  
  59  5:41  Pylon  
  59  5:44  Pylon  
  59  5:47  Probe  
  59  5:48  Pylon, Probe  
  61  5:51  Pylon  
  61  5:54  Zealot x3  
  67  5:59  Blink  
  67  6:01  Observer (Chrono Boost)  
  68  6:07  Warp Prism (Chrono Boost)  
  70  6:16  Probe x2  
  72  6:28  Probe x2  
  72  6:29  Nexus  
  72  6:32  Pylon  
  74  6:40  Probe x2  
  74  6:41  Stalker  
  74  6:44  Stalker  
  80  6:52  Probe  
  80  6:53  Protoss Ground Armor Level 1 (Chrono Boost)  
  81  6:56  Observer  
  82  7:10  Stalker x4  
  90  7:32  Probe x2  
  92  7:44  Probe x2  
  92  7:49  Assimilator  
  92  7:50  Assimilator  
  94  7:53  Pylon  
  94  7:55  Pylon  
  94  7:59  Pylon  
  94  8:00  Charge  
  94  8:14  Stalker x4  
  94  8:16  Shadow Stride  
  102  8:24  Gateway  
  102  8:25  Gateway  
  102  8:29  Gateway  
  102  8:31  Gateway x2  
  102  8:36  Fleet Beacon  
  102  8:37  Pylon  
  102  8:40  Pylon  
  102  8:44  Gateway  
  102  8:48  Templar Archives  
  102  8:52  Robotics Bay  
  102  9:18  Nexus  
  102  9:20  Pylon  
  102  9:21  Tempest x2  
  102  9:23  Pylon  
  112  9:25  Pylon  
  112  9:30  Stargate  
  111  9:33  Stargate, Probe  
  111  9:35  Gateway  
  112  9:39  Gateway  
  112  9:45  Probe  
  111  9:53  Probe x2  
  111  9:57  Probe  
  114  10:05  Probe  
  105  10:09  Probe  
  105  10:14  Tempest x2  
  104  10:20  Tempest x2  
  123  10:21  Probe  
  123  10:32  Probe x3  
  125  10:44  Assimilator, Probe x2  
  125  10:45  Probe  
  125  10:46  Assimilator  
  126  10:56  Probe  
  121  11:07  Tempest  
  121  11:08  Tempest x3  
  141  11:22  Probe  
  141  11:23  Probe x3  
  145  11:32  Zealot x5  
  155  11:33  Zealot  
  155  11:35  Probe x4  
  161  11:47  Probe x4  
  165  11:59  Probe x4  
  169  12:07  Shield Battery, Gateway  
  169  12:09  Gateway  
  169  12:11  Tempest, Probe x4  
  169  12:12  Tempest  
  169  12:13  Tempest x2  
  193  12:25  Nexus  
  193  12:27  Pylon  
  156  13:46  Probe x2  
  158  13:54  Nexus  
  158  13:57  Pylon  
  158  13:58  Assimilator, Probe x2  
  158  14:00  Pylon  
  160  14:03  Assimilator  
  160  14:08  Pylon  
  160  14:10  Probe x2  
  160  14:11  Pylon  
  160  14:14  Pylon  
  160  14:17  Pylon  
  162  14:22  Probe x2  
  164  14:34  Probe  
  164  14:35  Probe  
  149  15:16  Observer  
  122  16:38  Stargate  
  122  16:39  Stargate  
  120  16:40  Stargate  
  119  16:49  Tempest x2  
  129  17:17  Nexus  
  129  17:18  Pylon  
  129  17:20  Pylon  
  129  17:21  Pylon  
  129  17:32  Tempest x2, Probe  
  129  17:33  Nexus  
  129  17:35  Probe  
  141  17:44  Probe  
  141  17:47  Probe  
  142  17:54  Pylon  
  142  17:56  Probe  
  143  17:59  Probe  
  132  18:14  Tempest  
  132  18:15  Tempest  
  142  18:38  Nexus  
Show
View Real Time Build Order
Export as new Build Order

TopFivHotKys Terran - Winner!

Build Orders: Mech 

Get SALT Encoding   

  12  0:01  SCV  
  13  0:13  SCV  
  14  0:25  Supply Depot  
  14  0:29  SCV  
  15  0:47  SCV  
  16  0:50  Barracks  
  16  0:59  SCV  
  17  1:05  Barracks  
  17  1:11  Refinery  
  17  1:23  SCV  
  17  1:35  SCV  
  18  1:45  Command Center  
  18  1:47  SCV  
  19  1:54  Marine  
  19  1:55  Bunker  
  19  1:59  SCV  
  21  2:02  Refinery  
  21  2:11  SCV  
  22  2:23  SCV  
  23  2:39  Factory  
  23  2:41  Supply Depot  
  23  2:56  Marine, SCV, Supply Depot  
  25  3:09  Bunker  
  25  3:12  Engineering Bay, SCV  
  26  3:14  Marine  
  26  3:15  SCV  
  28  3:24  SCV  
  29  3:27  SCV  
  30  3:36  SCV  
  30  3:39  SCV  
  32  3:48  Missile Turret, SCV  
  32  3:51  Missile Turret, SCV  
  34  4:00  Planetary Fortress  
  34  4:05  Planetary Fortress  
  34  4:19  Starport  
  34  4:22  Widow Mine  
  36  4:30  Supply Depot  
  36  4:32  Refinery  
  36  4:33  Refinery  
  36  4:43  Widow Mine  
  36  4:44  SCV  
  39  4:47  SCV  
  39  4:48  Armory  
  40  5:03  Missile Turret  
  40  5:10  Missile Turret  
  40  5:11  Starport Tech Lab  
  40  5:13  SCV x2  
  42  5:18  Widow Mine  
  44  5:31  SCV x2  
  46  5:38  Raven  
  48  5:43  SCV x2  
  50  5:53  Factory Tech Lab  
  50  5:55  SCV x2  
  52  6:03  Command Center  
  52  6:07  Marine, SCV x2  
  55  6:19  SCV x2, Supply Depot  
  55  6:22  Supply Depot  
  57  6:29  Fusion Core  
  57  6:34  SCV x2  
  59  6:46  SCV x2  
  61  6:51  Command Center  
  61  6:52  Liberator  
  64  6:58  SCV  
  63  7:34  Liberator, Siege Tank  
  69  7:38  Factory  
  69  7:40  Factory  
  69  7:47  Factory, Missile Turret, Planetary Fortress  
  69  8:07  SCV x3  
  69  8:12  Supply Depot  
  72  8:14  Supply Depot  
  72  8:19  SCV x2  
  77  8:21  Starport  
  77  8:22  Battlecruiser  
  77  8:24  Starport  
  80  8:36  Hellion  
  82  8:42  Hellion x3  
  88  8:53  Refinery  
  88  8:54  Refinery  
  88  8:57  Hellion  
  90  9:03  Hellion  
  90  9:04  Hellion x2  
  90  9:08  Starport Tech Lab x2  
  96  9:10  Weapon Refit  
  96  9:13  Supply Depot  
  96  9:14  Supply Depot  
  96  9:18  Command Center  
  96  9:19  Hellion  
  98  9:25  Hellion  
  98  9:31  Battlecruiser  
  106  9:37  Missile Turret  
  106  9:42  Ghost Academy  
  106  9:44  Ghost Academy  
  106  9:47  Ghost Academy  
  106  9:55  SCV  
  107  10:07  SCV  
  108  10:16  Planetary Fortress  
  108  10:20  Factory Tech Lab  
  108  10:21  Factory Tech Lab x2  
  92  10:39  Battlecruiser x2  
  92  10:40  Battlecruiser  
  106  11:11  Nuke  
  106  11:12  Personal Cloaking  
  106  11:15  Nuke  
  106  11:19  Refinery  
  106  11:23  Refinery  
  106  11:26  Barracks Tech Lab  
  106  11:29  Planetary Fortress  
  106  11:36  Missile Turret, Hellion  
  106  11:37  Hellion x3  
  114  11:40  Missile Turret  
  114  11:59  Hellion x2  
  114  12:00  Hellion x2  
  122  12:04  SCV x3  
  125  12:15  Ghost  
  127  12:19  Battlecruiser  
  133  12:38  Nuke  
  133  12:43  Ghost  
  135  12:53  Battlecruiser x2  
  147  13:12  Ghost  
  137  13:24  Thor, Battlecruiser  
  137  13:25  Thor  
  143  13:29  Thor  
  149  13:40  Ghost  
  151  13:53  SCV x3  
  151  13:54  SCV  
  155  13:57  Command Center  
  147  15:05  Missile Turret  
  141  15:07  Missile Turret  
  141  15:10  Missile Turret  
  141  15:12  SCV  
  141  15:13  Supply Depot x2  
  139  15:14  Supply Depot  
  137  15:23  Thor  
  137  15:28  Thor  
  135  15:32  Battlecruiser  
  135  15:34  Thor  
  139  15:39  Thor  
  139  15:43  Ghost  
  140  16:06  Thor  
  146  16:15  Thor  
  145  16:38  Barracks Tech Lab  
  145  17:00  Thor  
  145  17:07  Refinery  
  145  17:08  Refinery  
  145  17:46  Command Center  
  145  18:08  Ghost  
  145  18:11  Nuke  
  147  18:25  Starport  
  147  18:27  Starport  
  147  18:28  Starport  
  136  19:03  Supply Depot  
  136  19:05  Starport Reactor  
  136  19:06  Starport Reactor x2  
  136  19:07  Supply Depot  
  136  19:08  Supply Depot  
  136  19:20  Supply Depot  
  136  19:22  Supply Depot  
  136  19:24  Supply Depot x2  
  136  19:25  Supply Depot  
  136  19:26  Supply Depot  
  135  19:42  Viking x2  
  135  19:43  Viking x2  
  127  20:12  Viking x3  
  126  20:49  Viking x3  
  176  20:50  Viking  
  118  21:19  Viking  
  116  21:34  Viking  
Tags
 
Composition
Mech
Matchup
PvT
Spawn Locations
Cross Positions
Add a new tag
Caveats
  • Supply blocks, unpowered buildings, or Contaminate may cause inaccurate times.
  • Supply counts are checked every 10 seconds.